 Dungeon Sprint DCSS version 0.22.1-2-g9c5b331 (webtiles) character file.

900 diana the Slicer (level 7, -4/70 HPs)
             Began as a Demigod Assassin on Nov 28, 2018.
             Slain by an eight-headed hydra (10 damage)
             ... in the Dungeon (Sprint IX: "|||||||||||||||||||||||||||||").
             The game lasted 00:02:40 (777 turns).

diana the Slicer (Demigod Assassin)                  Turns: 777, Time: 00:02:40

Health: -4/70      AC: 10    Str: 17    XL:     7   Next: 50%
Magic:  9/9        EV: 12    Int: 15    God:
Gold:   0          SH:  0    Dex: 19    Spells: 6/6 levels left

rFire    . . .     SeeInvis .   q - +2 rapier (elec)
rCold    . . .     Gourm    .   (no shield)
rNeg     . . .     Faith    .   u - +2 ring mail
rPois    .         Spirit   .   v - +0 helmet
rElec    .         Reflect  .   d - +0 cloak
rCorr    .         Harm     .   (no gloves)
MR       .....     NoTele   +   r - +0 pair of boots
Stlth    ++........             (no amulet)
HPRegen  0.21/turn              s - +3 ring of strength
MPRegen  0.11/turn              t - +2 ring of evasion

@: no status effects
A: hooves 1, clumsy 1, high mp 1, evolution 1
a: no special abilities


You were in the Dungeon.
You were not hungry.

You visited 1 branch

Inventory:

Hand Weapons
 a - a +2 dagger
 b - a +0 blowgun
 q - a +2 rapier of electrocution (weapon)
Missiles
 e - 8 poisoned needles
 f - 2 curare-tipped needles
Armour
 c - a +0 robe
 d - a +0 cloak (worn)
 r - a +0 pair of boots (worn)
 u - a +2 ring mail (worn)
 v - a +0 helmet (worn)
Jewellery
 s - a +3 ring of strength (left hand)
 t - a +2 ring of evasion (right hand)
Wands
 p - a wand of iceblast (20)
Scrolls
 m - 3 scrolls of blinking
 n - 3 scrolls of remove curse
 o - 2 scrolls of amnesia
 y - 4 scrolls of enchant armour
 A - a scroll of fog
 B - a scroll of fear
Potions
 h - a potion of invisibility
 i - 4 potions of heal wounds
 j - a potion of haste
 k - 4 potions of magic
 l - 5 potions of curing
 x - a potion of agility
 z - a potion of resistance
Comestibles
 g - 2 rations


   Skills:
 + Level 9.3 Fighting
 * Level 12.6 Short Blades
 - Level 1.7 Throwing
 - Level 0.8 Dodging
 - Level 3.6 Stealth


You had 6 spell levels left.
You didn't know any spells.
Your spell library was empty.

Dungeon Overview and Level Annotations

Branches:
Dungeon (1/1)


Innate Abilities, Weirdness & Mutations

You have an increased reservoir of magic. (+10% MP)
You have large cloven feet.
You are clumsy. (Dex -2)
You evolve.


Message History

The eight-headed hydra is moderately wounded.
The eight-headed hydra bites you!
The eight-headed hydra bites you but does no damage.
The eight-headed hydra bites you!
* * * LOW HITPOINT WARNING * * *
The eight-headed hydra bites you but does no damage. x3
The eight-headed hydra bites you.
* * * LOW HITPOINT WARNING * * *
The eight-headed hydra barely misses you.
You puncture the eight-headed hydra!
The eight-headed hydra is heavily wounded.
The eight-headed hydra bites you but does no damage.
The eight-headed hydra bites you.
* * * LOW HITPOINT WARNING * * *
The eight-headed hydra bites you!
* * * LOW HITPOINT WARNING * * *
The eight-headed hydra bites you.
* * * LOW HITPOINT WARNING * * *
The eight-headed hydra bites you!
You die...

▓.▓_▓
▓.▓.▓_▓
▓.▓.▓_▓
▓F▓.▓_▓
▓S▓.▓_▓
▓F▓.▓_▓
▓Y▓.▓_▓
▓D▓.▓_▓
▓@▓.▓_▓
▓.▓.▓_▓
▓.▓.▓_▓
▓.▓.▓_▓
▓.▓.▓'▓
▓!▓.▓.▓
▓.▓.▓.▓
▓.▓.▓.▓
▓.▓.▓.▓


You could see an eight-headed hydra, a yak, a blink frog, a water moccasin and a
bullfrog.

Vanquished Creatures
  A hippogriff (D)
  A wraith (D)
  2 ice beasts (D)
  2 ogres (D)
  A bullfrog (D)
  A scorpion (D)
  2 orc wizards (D)
  2 worker ants (D)
  An adder (D)
  A shadow imp (D)
  3 orcs (D)
  A goblin (D)
  2 hobgoblins (D)
  A frilled lizard (D)
  A giant cockroach zombie (D)
  A kobold (D)
23 creatures vanquished.

Notes
Turn   | Place    | Note
-------+----------+-------------------------------------------
     0 | D        | diana the Demigod Assassin began the quest for the Orb.
     0 | D        | Reached XP level 1. HP: 17/17 MP: 3/3
     5 | D        | Reached skill level 2 in Short Blades
    20 | D        | Reached skill level 3 in Short Blades
    41 | D        | Noticed a worker ant
    41 | D        | Noticed an ogre
    41 | D        | Noticed an ogre
    48 | D        | Reached XP level 2. HP: 26/26 MP: 4/4
    54 | D        | Killed an ogre
    54 | D        | Reached skill level 6 in Short Blades
    54 | D        | Reached XP level 3. HP: 31/35 MP: 5/5
    54 | D        | Reached XP level 4. HP: 37/41 MP: 6/6
    59 | D        | Killed an ogre
    59 | D        | Reached skill level 8 in Short Blades
    59 | D        | Reached XP level 5. HP: 23/50 MP: 7/7
   255 | D        | Found a roughly hewn altar of Beogh.
   255 | D        | Found a snail-covered altar of Cheibriados.
   255 | D        | Found a shadowy altar of Dithmenos.
   255 | D        | Found a white marble altar of Elyvilon.
   255 | D        | Found a blossoming altar of Fedhas.
   255 | D        | Found an opulent altar of Gozag.
   256 | D        | Found a hazy altar of Hepliaklqana.
   257 | D        | Found a viscous altar of Jiyva.
   258 | D        | Found an ancient bone altar of Kikubaaqudgha.
   259 | D        | Found a corrupted altar of Lugonu.
   260 | D        | Found a burning altar of Makhleb.
   261 | D        | Found a sparkling altar of Nemelex Xobeh.
   262 | D        | Found an iron altar of Okawaru.
   263 | D        | Found a stormy altar of Qazlal.
   264 | D        | Found a sacrificial altar of Ru.
   265 | D        | Found a deep blue altar of Sif Muna.
   266 | D        | Found a bloodstained altar of Trog.
   267 | D        | Found a hide-covered altar of Uskayaw.
   268 | D        | Found a radiant altar of Vehumet.
   269 | D        | Found an ornate altar of the Wu Jian Council.
   270 | D        | Found a shimmering altar of Xom.
   271 | D        | Found a basalt altar of Yredelemnul.
   272 | D        | Found a glowing silver altar of Zin.
   273 | D        | Found a glowing golden altar of the Shining One.
   328 | D        | Noticed an ice beast
   339 | D        | Killed an ice beast
   339 | D        | Reached skill level 9 in Short Blades
   342 | D        | Reached skill level 10 in Short Blades
   342 | D        | Reached XP level 6. HP: 29/60 MP: 8/8
   578 | D        | Noticed a wraith
   586 | D        | Reached skill level 11 in Short Blades
   598 | D        | Killed a wraith
   598 | D        | Reached skill level 12 in Short Blades
   598 | D        | Reached XP level 7. HP: 58/69 MP: 9/9
   760 | D        | Gained mutation: Your mind is acute. (Int +2) [potion of
                  | mutation]
   760 | D        | Gained mutation: You have supernaturally acute eyesight.
                  | (SInv) [potion of mutation]
   761 | D        | Lost mutation: Your mind is acute. (Int +2) [potion of
                  | mutation]
   761 | D        | Lost mutation: You have supernaturally acute eyesight.
                  | (SInv) [potion of mutation]
   761 | D        | Gained mutation: You are clumsy. (Dex -2) [potion of
                  | mutation]
   761 | D        | Gained mutation: You evolve. [potion of mutation]
   761 | D        | Gained mutation: You have large cloven feet. [potion of
                  | mutation]
   763 | D        | Noticed an eight-headed hydra
   763 | D        | Noticed a blink frog
   763 | D        | Noticed a yak
   763 | D        | Noticed a hippogriff
   766 | D        | Killed a hippogriff
   777 | D        | Slain by an eight-headed hydra

Skill      XL: |  1  2  3  4  5  6  7 |
---------------+----------------------+-----
Fighting       | 3 4 6 7 8 9 |  9.3
Short Blades   | 3 6 8 10 12 | 12.6
Throwing       | |  1.7
Dodging        | |  0.8
Stealth        | |  3.6

Action                   |  1- 3 |  4- 6 |  7- 9 || total
-------------------------+-------+-------+-------++-------
Melee: Dagger            |    27 |    15 |       ||    42
       Rapier            |       |    35 |    17 ||    52
  Use: Potion            |     1 |     2 |     2 ||     5
 Stab: Distracted        |       |     1 |       ||     1
Armor: Robe              |     3 |       |       ||     3
       Ring mail         |       |     8 |     7 ||    15
Dodge: Dodged            |    11 |    16 |     3 ||    30
